 Dungeon Crawl Stone Soup version 0.30-b1-2-g02819fbbbe (webtiles) character file.

Game seed: 10585167740522079263

11442 Alarkh the Martial Artist (level 11, 0/79 HPs)
             Began as a Demonspawn Warper on May 25, 2023.
             Was a Follower of Uskayaw.
             Killed from afar by an electric eel (11 damage)
             ... with a bolt of electricity
             ... on level 9 of the Dungeon.
             The game lasted 00:21:59 (11254 turns).

Alarkh the Martial Artist (Demonspawn Warper)      Turns: 11254, Time: 00:22:00

Health: 0/79       AC: 13    Str: 16    XL:     11   Next: 49%
Magic:  2/17       EV: 28    Int: 19    God:    Uskayaw [*.....]
Gold:   369        SH:  0    Dex: 15    Spells: 9/18 levels left

rFire   . . .        b - +8 longbow of Tiun {elec, rC+ Str+4 Dex+3}
rCold   + . .        (shield currently unavailable)
rNeg    + . .        L - +0 troll leather armour
rPois   .            (no helmet)
rElec   .            n - +0 cloak
rCorr   .            D - +3 Mad Mage's Maulers {Infuse+∞ VampMP -Cast}
SInv    +            a - +0 pair of boots
Will    .....        e - amulet of the acrobat
Stlth   +++          p - ring of see invisible
HPRegen 1.13/turn    t - ring of positive energy
MPRegen 0.15/turn

%: no spellcasting, acrobat, infuse magic (2 MP)
@: acrobatic
A: icy blue scales 1, ignite blood 2, powered by death 2
a: Renounce Religion, Stomp


You were on level 9 of the Dungeon.
You worshipped Uskayaw.
Uskayaw was noncommittal.
You visited 2 branches of the dungeon, and saw 10 of its levels.
You also visited: Bailey.

You collected 479 gold pieces.
You spent 110 gold pieces at shops.

Inventory:

Hand Weapons
 b - the +8 longbow of Tiun (weapon) {elec, rC+ Str+4 Dex+3}
   (You acquired it in a bailey)

   Str:       It affects your strength (+4).
   Dex:       It affects your dexterity (+3).
   rC:        It protects you from cold.
Missiles
 h - 5 boomerangs
 q - 2 silver boomerangs
Armour
 a - a +0 pair of boots (worn)
 m - a +0 ring mail
 n - a +0 cloak (worn)
 D - the +3 Mad Mage's Maulers (worn) {Infuse+∞ VampMP -Cast}
   (You acquired it in a bailey)

   Infuse+∞: It empowers its wearer's blows with all of their magic.
   VampMP:    Blows struck in melee replenish the wearer's magic.
   -Cast:     It prevents spellcasting.
 H - +0 acid dragon scales
 I - a +0 buckler
 L - a +0 troll leather armour (worn)
Jewellery
 e - an amulet of the acrobat (around neck)
 p - a ring of see invisible (left hand)
 t - a ring of positive energy (right hand)
Wands
 s - a wand of mindburst (17)
 w - a wand of acid (8)
 y - a wand of polymorph (5)
Scrolls
 c - a scroll of immolation
 d - 3 scrolls of teleportation
 k - a scroll of enchant armour {unknown}
 r - a scroll of identify
 u - a scroll of noise {unknown}
 v - 2 scrolls of blinking
 A - a scroll of fog
 B - a scroll of fear
 F - a scroll of enchant weapon {unknown}
 K - a scroll of amnesia {unknown}
Potions
 f - 3 potions of mutation
 g - 4 potions of cancellation
 i - 5 potions of curing
 j - 5 potions of flight
 l - a potion of heal wounds
 o - a potion of invisibility {unknown}
 x - 3 potions of magic
 z - a potion of berserk rage
 C - a potion of lignification
 E - a potion of attraction
 G - 2 potions of resistance
 J - a potion of brilliance
Miscellaneous
 M - a piece from Xom's chessboard (15/15)


   Skills:
 + Level 5.0 Fighting
 - Level 0.8 Throwing
 + Level 4.4 Armour
 + Level 4.6 Dodging
 + Level 4.6 Stealth
 * Level 13.4 Unarmed Combat
 + Level 4.1 Spellcasting
 + Level 3.9 Hexes
 + Level 4.6 Translocations
 + Level 3.5 Invocations


You had 9 spell levels left.
You knew the following spells:

 Your Spells              Type           Power      Damage    Failure   Level
a - Blink                 Tloc           42%        N/A       3%          2
b - Portal Projectile     Hex/Tloc       40%        N/A       9%          3
c - Manifold Assault      Tloc           21%        N/A       24%         4

Your spell library contained the following spells:

 Spells                   Type           Power      Damage    Failure   Level
 Lesser Beckoning         Tloc           42%        N/A       3%          2
 Teleport Other           Tloc           21%        N/A       7%          3
 Shock                    Conj/Air       12%        1d3       16%         1
 Summon Small Mammal      Summ           12%        N/A       16%         1
 Vhi's Electric Charge    Tloc/Air       24%        N/A       19%         3
 Summon Guardian Golem    Hex/Summ       11%        N/A       22%         3
 Scorch                   Fire           6%         2d5       24%         2
 Call Canine Familiar     Summ           3%         N/A       43%         3
 Hailstorm                Conj/Ice       3%         3d3       43%         3
 Swiftness                Air            3%         N/A       43%         3
 Leda's Liquefaction      Hex/Erth       5%         N/A       56%         4
 Airstrike                Air            1%         2d(1-17)  85%         4
 Flame Wave               Conj/Fire      3%         2d5       85%         4
 Ice Form                 Ice/Tmut       3%         N/A       85%         4
 Simulacrum               Ice/Necr       1%         N/A       100%        6
 Summon Cactus Giant      Summ           1%         N/A       100%        6


Dungeon Overview and Level Annotations

Branches:
Dungeon (9/15)             Temple (1/1) D:7            Lair (0/5) D:9
    Orc (0/2) D:9          Bailey (visited)

Altars:
Ashenzari
Cheibriados
Dithmenos
Fedhas
Gozag
Hepliaklqana
Kikubaaqudgha
Makhleb
Okawaru
Qazlal
Ru
Trog
Uskayaw
Vehumet
Wu Jian
Xom
Yredelemnul

Shops:
D:5 *(!:(

Annotations:
D:6 exclusion: 2 doors
D:9 3 transporters


Innate Abilities, Weirdness & Mutations

You are partially covered in icy blue scales. (AC +2)
Your demonic aura often causes spilled blood to erupt in flames.
You regenerate health from kills.


Message History

The electric eel shoots out a bolt of lightning at you!
The bolt of electricity hits you! The orc hits you but does no damage.
You completely miss the orc.
The electric eel shoots out a bolt of lightning at you!
The bolt of electricity hits you!
You closely miss the orc. The orc closely misses you.
The electric eel shoots out a bolt of lightning at you!
The bolt of electricity hits you!
You punch the orc!
You kill the orc!
You feel stronger.
You feel agile.
You hear the crackle of electricity.
b - the +8 longbow of Tiun (weapon)
{elec, rC+ Str+4 Dex+3} The electric eel shoots out a bolt of lightning at you!
The bolt of electricity hits you!
You shoot an arrow.
The arrow closely misses the electric eel.
You shoot an arrow. The arrow hits the electric eel.
The electric eel is moderately wounded.
You shoot an arrow.
The arrow hits the electric eel but does no damage.
The electric eel is moderately wounded.
The electric eel shoots out a bolt of lightning at you!
The bolt of electricity hits you.
You shoot an arrow. The arrow hits the electric eel.
The electric eel is severely wounded.
The electric eel shoots out a bolt of lightning at you!
The bolt of electricity hits you! x2
* * * LOW HITPOINT WARNING * * *
The electric eel shoots out a bolt of lightning at you!
The bolt of electricity hits you!
* * * LOW HITPOINT WARNING * * *
The bolt of electricity hits you but does no damage.
Okay, then.
Blink to where?
Press: ? - help, Dir - move target, p - electric eel
As you read the scroll of blinking, it crumbles to dust.
The electric eel shoots out a bolt of lightning at you!
The bolt of electricity hits you!
You die...

,~~~~≈≈~≈~~.~~~~~.~..............
,,~~~~~~≈≈~S~≈~~~....#...........
,,,~~~..≈~.~≈≈..~..).#8...∩...8..
,,,,,......~.~...~~...........§§.
,,,,,......)§..................(.
,,,,,.......#......#.[.8.....8.#.
,,,,,...#...#........)...........
,,,,,.,.......##.###.)....8......
,,,,,.....#.####@#...............
*,,,,..#..#.,,*#.#...............
*,,,,.,#.,..,,*#.#.$..†..........
,,,,,,,.....,,,..................
,,,,>,,**,*,,,,..................
,,,,,,,,,,,,,,...................
~~~~~~~~~~~~~~≈≈≈≈≈≈≈≈≈≈≈........
~~~~~~~~~~~~~≈≈≈≈≈≈≈≈≈≈≈≈.......÷
,+*************########≈≈.#.####.


You could see an electric eel.

Vanquished Creatures
  2 vault guards (Bailey)
  A deep elf zephyrmancer (D:6)
  A gargoyle (D:7)
  A cane toad (Bailey)
  An unseen horror (D:6)
  A troll (D:9)
  Prince Ribbit (D:7)
  Sigmund (D:3)
  2 wraiths
  10 yaks (D:8)
  A wyvern (D:6)
  5 humans (Bailey)
  A steam dragon (D:9)
  2 acid dragons (D:8)
  4 water moccasins
  5 orc warriors
  An ice beast (D:7)
  Duvessa (D:6)
  3 sky beasts
  4 black bears
  2 ogres
  2 wolves (D:9)
  2 centaurs
  2 phantoms
  15 bullfrogs
  Blork the orc (D:5)
  A gnoll sergeant (D:7)
  2 scorpions
  5 wights (D:9)
  Dowan (D:6)
  3 howler monkeys (D:6)
  4 electric eels (D:9)
  2 jellies
  7 hounds
  4 orc priests
  5 sleepcaps
  Terence (D:2)
  An iguana (D:7)
  Natasha (thrice) (D:3)
  7 orc wizards
  The ghost of Notanamesir the Insei, a weakling MeTm (D:3)
  10 gnolls
  6 adders
  2 shadow imps
  4 dart slugs
  5 worms
  42 orcs
  5 ball pythons
  6 endoplasms
  4 giant cockroaches
  7 goblins
  9 hobgoblins
  3 jackals (D:5)
  11 kobolds
  3 quokkas
  9 bats
  2 frilled lizards (D:2)
  8 rats
255 creatures vanquished.

Vanquished Creatures (others)
  An acid dragon (D:9)
  An orc (D:7)
2 creatures vanquished.

Grand Total: 257 creatures vanquished

Notes
Turn   | Place    | Note
-------+----------+-------------------------------------------
     0 | D:1      | Alarkh the Demonspawn Warper began the quest for the Orb.
     0 | D:1      | Reached XP level 1. HP: 16/16 MP: 3/3
    72 | D:1      | Reached skill level 2 in Unarmed Combat
   220 | D:1      | Gained mutation: You regenerate a little health from kills.
                  | [demonic ancestry]
   220 | D:1      | Reached XP level 2. HP: 22/22 MP: 5/5
   716 | D:2      | Reached skill level 3 in Unarmed Combat
   836 | D:2      | Reached XP level 3. HP: 16/27 MP: 6/6
   943 | D:2      | Noticed Terence
   958 | D:2      | Killed Terence
   959 | D:2      | Reached XP level 4. HP: 13/33 MP: 7/7
  1092 | D:2      | Reached skill level 4 in Unarmed Combat
  1620 | D:3      | Noticed Natasha
  1717 | D:3      | Found a snail-covered altar of Cheibriados.
  1843 | D:3      | Found a faded altar of an unknown god.
  1946 | D:3      | Noticed Sigmund
  1951 | D:3      | Reached skill level 11 in Unarmed Combat
  1951 | D:3      | Reached XP level 5. HP: 29/38 MP: 8/8
  1958 | D:3      | Killed Sigmund
  1959 | D:3      | Gained mutation: Your demonic aura sometimes causes spilled
                  | blood to erupt in flames. [demonic ancestry]
  1959 | D:3      | Reached XP level 6. HP: 29/44 MP: 9/9
  2036 | D:3      | Noticed Notanamesir's ghost (weakling MeTm)
  2043 | D:3      | Found a runed translucent gate.
  2043 | D:3      | Found a runed translucent gate.
  2043 | D:3      | Found a runed translucent gate.
  2437 | D:4      | Reached XP level 7. HP: 20/50 MP: 10/10
  2601 | D:4      | You fall into a shaft and drop 1 floor!
  2601 | D:5      | Entered Level 5 of the Dungeon
  2747 | D:5      | Noticed Blork the orc
  2762 | D:5      | Killed Blork the orc
  2767 | D:5      | Reached skill level 12 in Unarmed Combat
  2833 | D:5      | Reached skill level 1 in Armour
  2845 | D:5      | Found Kyocaot's Antique Weapon Boutique.
  2903 | D:5      | Found Nokloesh's Distillery.
  2909 | D:5      | Bought a potion of flight for 39 gold pieces
  2909 | D:5      | Bought a potion of curing for 39 gold pieces
  2965 | D:5      | Reached XP level 8. HP: 55/57 MP: 11/11
  2976 | D:5      | Reached skill level 1 in Stealth
  3163 | D:5      | Found Nunouzei's Antique Weapon Shoppe.
  3177 | D:5      | Found Wenkes's Book Emporium.
  3412 | D:5      | Found Mugupo's Assorted Antiques.
  3417 | D:5      | Bought a scroll labelled YNWIYNOTUA for 32 gold pieces
  3741 | D:6      | Noticed Duvessa
  3741 | D:6      | Noticed Dowan
  3859 | D:6      | Killed Dowan
  3860 | D:6      | Killed Duvessa
  4117 | D:6      | Noticed a deep elf zephyrmancer
  4127 | D:6      | Killed a deep elf zephyrmancer
  4428 | D:6      | Learned a level 2 spell: Blink
  4432 | D:6      | Learned a level 3 spell: Portal Projectile
  4437 | D:6      | Learned a level 4 spell: Manifold Assault
  4594 | D:6      | Gained mutation: Your demonic aura often causes spilled
                  | blood to erupt in flames. [demonic ancestry]
  4594 | D:6      | Reached XP level 9. HP: 21/63 MP: 12/12
  4787 | D:6      | Noticed an unseen horror
  4817 | D:6      | Killed an unseen horror
  5003 | D:7      | Reached skill level 1 in Hexes
  5568 | D:7      | Noticed a gargoyle
  5602 | D:7      | Killed a gargoyle
  5908 | D:4      | Found a basalt altar of Yredelemnul.
  5942 | D:4      | Found a sacrificial altar of Ru.
  6178 | D:3      | Killed Notanamesir's ghost
  6236 | D:3      | Killed Natasha
  6340 | D:3      | Found a faded altar of an unknown god.
  6578 | D:3      | Found a snail-covered altar of Cheibriados.
  6663 | D:3      | Found a faded altar of an unknown god.
  6691 | D:3      | Noticed Natasha
  6698 | D:3      | Killed Natasha
  6734 | D:3      | Noticed Natasha
  6737 | D:3      | Killed Natasha
  6873 | D:7      | Noticed Prince Ribbit
  6878 | D:7      | Killed Prince Ribbit
  6879 | D:7      | Gained mutation: You are partially covered in icy blue
                  | scales. (AC +2) [demonic ancestry]
  6879 | D:7      | Reached XP level 10. HP: 55/71 MP: 14/14
  6944 | D:7      | Found a staircase to the Ecumenical Temple.
  6970 | Temple   | Entered the Ecumenical Temple
  7153 | Temple   | Became a worshipper of Uskayaw the Reveller
  7219 | D:7      | Reached * piety under Uskayaw
  7225 | D:7      | Reached ** piety under Uskayaw
  8319 | D:8      | Reached *** piety under Uskayaw
  8748 | D:7      | Reached skill level 13 in Unarmed Combat
  8810 | D:8      | Reached skill level 1 in Invocations
  8818 | D:8      | Reached **** piety under Uskayaw
  9879 | D:9      | Found a flagged portal.
  9902 | Bailey   | Entered a bailey
 10079 | Bailey   | Reached ***** piety under Uskayaw
 10089 | Bailey   | Gained mutation: You regenerate health from kills. [demonic
                  | ancestry]
 10089 | Bailey   | Reached XP level 11. HP: 42/78 MP: 16/16
 10243 | Bailey   | Noticed a vault guard
 10255 | Bailey   | Killed a vault guard
 10302 | Bailey   | Noticed a vault guard
 10313 | Bailey   | Killed a vault guard
 10377 | Bailey   | Identified 2 scrolls of acquirement
 10377 | Bailey   | Acquired the +8 longbow of Tiun {elec, rC+ Str+4 Dex+3}
 10379 | Bailey   | Acquired the +3 Mad Mage's Maulers {Infuse+∞ VampMP -Cast}
 10379 | Bailey   | Found the +3 Mad Mage's Maulers {Infuse+∞ VampMP -Cast}
 10402 | D:9      | Found a transporter.
 10402 | D:9      | Found a transporter.
 10402 | D:9      | Found a transporter.
 10402 | D:9      | Found a transporter.
 10850 | D:9      | Reached skill level 5 in Fighting
 11223 | D:9      | Found a staircase to the Lair.
 11254 | D:9      | Killed from afar by an electric eel

Illustrated notes

Levels and vault maps discovered:
D:1:      scummos_arrival_checkerplants, layout_loops_ring,
          minmay_misc_feat_room
D:2:      layout_loops_cross, serial_forest, infiniplex_forest_end_3,
          infiniplex_forest_straight_2, infiniplex_forest_end_3,
          infiniplex_forest_lined_room_, infiniplex_forest_straight_4,
          uniq_terence
D:3:      layout_basic, cheibrodos_worm_habitat, ebering_ecumenical_altar_box,
          gammafunk_ghost_split, uniq_sigmund, uniq_natasha
D:4:      black_bear_nest_1, layout_cave_pools,
          mainiacjoe_overflow_catch_the_wave
D:5:      layout_basic, serial_shops, nicolae_shop_stone, shop,
          nicolae_shop_back_alley_shop, shop, nicolae_shop_window_shopping,
          uniq_blork_the_orc
D:6:      cheibrodos_two_vegetables, layout_cave_pools,
          eino_small_chamber_without_monster, guppyfry_early_elven_hall,
          uniq_duvessa
D:7:      cheibrodos_fzero, layout_layer_cave, minmay_temple_entry_proselytizer,
          uniq_prince_ribbit1
D:8:      layout_layer_cave
D:9:      layout_rooms, nicolae_overflow_hidden_temple, erik_lair_island,
          erik_orc_2, enter_bailey_6, grunt_ministairs_4,
          nicolae_diode_intersection
Temple:   bh_familiar_temple

Skill      XL: |  1  2  3  4  5  6  7  8  9 10 11 |
---------------+----------------------------------+-----
Unarmed Combat | 2 3 11 12 13 | 13.4
Armour         | 1 2 3 4 |  4.4
Dodging        | 2 3 4 |  4.6
Stealth        | 2 3 4 |  4.6
Fighting       | 3 4 5 |  5.0
Hexes          | 2 3 |  3.9
Translocations | 3 4 |  4.6
Spellcasting   | 3 4 |  4.1
Invocations    | 2 3 |  3.5
Throwing       | |  0.8

Action                     |  1- 3 |  4- 6 |  7- 9 | 10-12 || total
---------------------------+-------+-------+-------+-------++-------
  Melee: Unarmed           |    91 |   163 |   296 |   356 ||   906
         Punch             |     6 |     6 |    17 |    12 ||    41
   Fire: Longbow           |       |       |       |    14 ||    14
  Throw: Boomerang         |    15 |     1 |     9 |     1 ||    26
  Evoke: Wand              |       |       |     3 |     4 ||     7
    Use: Scroll            |     1 |     3 |     1 |    13 ||    18
         Potion            |       |     1 |     3 |     5 ||     9
   Stab: Distracted        |       |       |     1 |     2 ||     3
         Sleeping          |       |       |     1 |       ||     1
         Paralysed         |       |       |       |    10 ||    10
 Armour: Leather armour    |    18 |       |       |       ||    18
         Ring mail         |       |    48 |    83 |   103 ||   234
         Troll leather arm |       |       |       |     8 ||     8
         Skin              |       |       |       |     1 ||     1
  Dodge: Dodged            |    47 |    73 |   175 |   230 ||   525
  Block: Buckler           |       |       |       |    32 ||    32
